 Dungeon Crawl Stone Soup version 0.31-a0-188-g5e087ee2ca (webtiles) character file.

Game seed: 15760138275047529939

6220 qw the Markself (level 10, -1/56 HPs)
             Began as a Deep Elf Hunter on June 23, 2023.
             Was a Priest of Okawaru.
             Slain by a wyvern (5 damage)
             ... on level 9 of the Dungeon.
             The game lasted 00:02:59 (7863 turns).

qw the Markself (Deep Elf Hunter)                   Turns: 7863, Time: 00:02:59

Health: -1/56      AC: 15    Str: 12    XL:     10   Next: 61%
Magic:  14/15      EV: 19    Int: 15    God:    Okawaru [***...]
Gold:   232        SH:  0    Dex: 24    Spells: 9/9 levels left

rFire   . . .        k - +5 longbow (heavy)
rCold   + . .        (shield currently unavailable)
rNeg    + . .        j - +5 ring mail of the Evening {rC+ rN+ Slay+3}
rPois   +            b - +0 helmet
rElec   .            (no cloak)
rCorr   .            f - +0 pair of gloves
SInv    .            r - +0 pair of boots
Will    +....        u - amulet of faith
Stlth   +++          h - ring of poison resistance
HPRegen 0.29/turn    m - +6 ring of dexterity
MPRegen 0.14/turn

%: faith
@: about to teleport, heroic
A: no striking features
a: Renounce Religion, Heroism


You were on level 9 of the Dungeon.
You worshipped Okawaru.
Okawaru was most pleased with you.
You visited 2 branches of the dungeon, and saw 11 of its levels.

You collected 534 gold pieces.
You spent 302 gold pieces at shops.


   Skills:
 - Level 4.0(9.0) Fighting
 - Level 18.0(23.0) Ranged Weapons
 - Level 2.1(7.1) Armour
 + Level 6.6(11.6) Dodging
 - Level 1.2(6.2) Stealth
 - Level 4.0 Invocations


You had 9 spell levels left.
You didn't know any spells.
Your spell library was empty.

Inventory:

Hand Weapons
 k - a +5 heavy longbow (weapon)
Armour
 b - a +0 helmet (worn)
 f - a +0 pair of gloves (worn)
 j - the +5 ring mail of the Evening (worn) {rC+ rN+ Slay+3}
   (You found it on level 2 of the Dungeon)

   Slay:      It affects your accuracy & damage with ranged weapons and melee
   (+3).
   rC:        It protects you from cold.
   rN:        It protects you from negative energy.
 r - a +0 pair of boots (worn)
Jewellery
 h - a ring of poison resistance (left hand)
 i - an amulet of regeneration
 m - a +6 ring of dexterity (right hand)
 u - an amulet of faith (around neck)
Scrolls
 a - 9 scrolls of identify
 c - 5 scrolls of teleportation
Potions
 d - a potion of mutation
 e - a potion of might
 g - a potion of enlightenment
 l - 4 potions of haste
 o - 3 potions of curing

Dungeon Overview and Level Annotations

Branches:
Dungeon (10/15)            Temple (1/1) D:7            Lair (0/5) D:10
    Orc: D:9-12

Altars:
Ashenzari
Cheibriados
Dithmenos
Elyvilon
Fedhas
Gozag
Hepliaklqana
Kikubaaqudgha
Makhleb
Nemelex Xobeh
Okawaru
Qazlal
Ru
Sif Muna
Trog
Uskayaw
Vehumet
Wu Jian
Xom
Yredelemnul
Zin
The Shining One

Shops:
D:1 (   D:3 *   D:7 ?   D:8 (

Annotations:
D:6 3 runed translucent doors, exclusion: orc wizard, qw's ghost, novice GrHu
D:9 2 transporters


Message History

You gain the combat prowess of a mighty hero.
The wyvern bites you but does no damage.
The wyvern closely misses you.
The black bear bites you but does no damage.
The black bear barely misses you. The black bear closely misses you.
The black bear completely misses you. x2; The black bear misses you.
You shoot an arrow. The arrow hits the black bear.
The black bear is moderately wounded.
The wyvern bites you. The wyvern completely misses you. The wyvern bites you!
The wyvern barely misses you. The black bear misses you.
The black bear claws you but does no damage.
The black bear closely misses you. The black bear barely misses you.
The black bear misses you.
The black bear claws you but does no damage.
You shoot an arrow.
The arrow hits the black bear but does no damage.
The black bear is moderately wounded.
The wyvern bites you but does no damage.
The wyvern misses you. The black bear closely misses you.
The black bear claws you but does no damage. x2
The black bear closely misses you. The black bear misses you.
The black bear barely misses you.
The wyvern bites you but does no damage.
The wyvern completely misses you.
You shoot an arrow. The arrow hits the black bear!!
You kill the black bear!
Okawaru accepts your kill.
The wyvern bites you but does no damage.
The wyvern bites you. The black bear bites you.
The black bear claws you but does no damage.
The black bear barely misses you. The wyvern misses you. The wyvern bites you.
7862 ||| READING 6 scrolls of teleportation.
As you read the scroll of teleportation, it crumbles to dust.
You feel strangely unstable. The black bear completely misses you.
The black bear closely misses you. The black bear misses you.
The wyvern closely misses you. The wyvern bites you!
You shoot an arrow. The arrow hits the black bear!!
The black bear is severely wounded.
The wyvern closely misses you. The wyvern bites you.
You die...

#.# #)# ##.# #.# ##.#
#.# ##.########### #.#
.....#.......# #.#
.....#.#####.# #)#
.....#.# #.# #.#
.....#.# #.#####.###
.......#
#.^.l@%...#####
##).)###
##...lh.......# ...))#
#.###.##.###.# .#..)##
#.# #.##.# #.#
.)....#### #.# #.##.#
#.#
..#......####.###.##.#
#.#
##.#..##...<.........#
#.#
###..#######.####.###
#.# #..# ##.## #.# #.#


You could see a black bear and 2 wyverns.

Vanquished Creatures
  A two-headed ogre (D:9)
  A troll (D:8)
  12 yaks
  Eustachio (D:5)
  A steam dragon (D:8)
  Menkaure (D:5)
  A water moccasin (D:6)
  2 black bears
  4 ice beasts
  4 orc warriors
  3 ogres (D:6)
  2 sky beasts
  2 centaurs
  4 kobold brigands
  4 killer bees (D:9)
  2 hounds (D:6)
  2 jellies
  8 orc priests
  4 gnoll boudas
  3 iguanas
  15 orc wizards
  14 gnolls
  3 adders
  A river rat (D:5)
  A white imp (D:6)
  4 ufetubi
  A worm (D:4)
  3 dart slugs
  49 orcs
  9 ball pythons
  6 bats
  6 endoplasms
  2 giant cockroaches
  7 hobgoblins
  5 jackals (D:1)
  6 quokkas
  3 frilled lizards (D:2)
  24 kobolds
  6 rats
227 creatures vanquished.

Notes
Turn   | Place    | Note
-------+----------+-------------------------------------------
     0 | D:1      | qw the Deep Elf Hunter began the quest for the Orb.
     0 | D:1      | Reached XP level 1. HP: 12/12 MP: 3/3
     0 | D:1      | 0 ||| qw: Version: 0.3-a-9-g12657ce
     0 | D:1      | 0 ||| qw: Game counter: 4235
     0 | D:1      | 0 ||| qw: Always use a shield: true
     0 | D:1      | 0 ||| qw: God list: Okawaru
     0 | D:1      | 0 ||| qw: Allow faded altars: false
     0 | D:1      | 0 ||| qw: Do Orc after D:15 true
     0 | D:1      | 0 ||| qw: Do second Lair branch before Depths: true
     0 | D:1      | 0 ||| qw: Lair rune preference: random
     0 | D:1      | 0 ||| qw: Plans: Normal
     0 | D:1      | 0 ||| PLANNING D:1-11
    45 | D:1      | Reached XP level 2. HP: 16/16 MP: 4/4
    54 | D:1      | Reached skill level 6 in Ranged Weapons
   267 | D:1      | Reached XP level 3. HP: 12/20 MP: 5/5
   394 | D:1      | Found Ygeug's Antique Weapon Boutique.
   524 | D:1      | 524 ||| UPGRADING to +0 pair of gloves.
   529 | D:1      | 529 ||| UPGRADING to amulet of the acrobat.
   534 | D:1      | 534 ||| READING 4 scrolls labelled SEOMOU WIUGINT.
   535 | D:1      | 535 ||| READING scroll labelled JUOCY BUTEO.
   536 | D:1      | 536 ||| READING 3 scrolls of identify.
   536 | D:1      | 536 ||| IDENTIFYING bubbling puce potion
   537 | D:1      | 537 ||| DROPPING scroll of butterflies.
   598 | D:2      | Reached skill level 7 in Ranged Weapons
   708 | D:2      | Identified the +5 ring mail of the Evening {rC+ rN+ Slay+3}
   733 | D:2      | 733 ||| SWAPPING to +3 longbow.
   735 | D:2      | 735 ||| DROPPING +1 shortbow.
   904 | D:2      | Found a faded altar of an unknown god.
  1167 | D:2      | 1167 ||| UPGRADING to +5 ring mail of the Evening {rC+ rN+
                  | Slay+3}.
  1177 | D:2      | 1177 ||| DROPPING +0 leather armour.
  1178 | D:2      | 1178 ||| READING scroll labelled DIERPH WAFUBLOILOR.
  1279 | D:2      | 1279 ||| READING scroll labelled QELYMEHYUB.
  1283 | D:2      | 1283 ||| READING scroll labelled MAIPI DAEGERE.
  1284 | D:2      | 1284 ||| READING scroll labelled WYV FEPRAMA.
  1285 | D:2      | 1285 ||| DRINKING 2 fizzy pink potions.
  1286 | D:2      | 1286 ||| READING 3 scrolls of identify.
  1286 | D:2      | 1286 ||| IDENTIFYING silvery potion
  1287 | D:2      | 1287 ||| READING 2 scrolls of identify.
  1287 | D:2      | 1287 ||| IDENTIFYING bubbling clear potion
  1288 | D:2      | 1288 ||| DROPPING potion of lignification.
  1393 | D:3      | Found a stormy altar of Qazlal.
  1525 | D:3      | Found Wonomeb's Assorted Antiques.
  1528 | D:3      | 1528 ||| BUYING puce potion (16 gold).
  1528 | D:3      | Bought a puce potion for 16 gold pieces
  1528 | D:3      | 1528 ||| BUYING purple potion (16 gold).
  1528 | D:3      | Bought a purple potion for 16 gold pieces
  1528 | D:3      | 1528 ||| BUYING red potion (16 gold).
  1528 | D:3      | Bought a red potion for 16 gold pieces
  1528 | D:3      | 1528 ||| BUYING scroll labelled MUYMOA RATHOPN (18 gold).
  1528 | D:3      | Bought a scroll labelled MUYMOA RATHOPN for 18 gold pieces
  1618 | D:3      | 1618 ||| READING scroll of enchant weapon.
  1618 | D:3      | 1618 ||| ENCHANTING +3 longbow.
  1620 | D:3      | Found the +5 robe of Misfortune {Harm *Corrode *Slow EV+5}
  1684 | D:3      | Found a broken altar of Ashenzari.
  1689 | D:3      | Saw a vision of the Shoals and the Snake Pit.
  1689 | D:3      | Noticed a wind drake
  1689 | D:3      | Noticed a water nymph
  1689 | D:3      | Noticed a merfolk siren
  1689 | D:3      | Noticed a harpy
  1689 | D:3      | Noticed a merfolk
  1689 | D:3      | Noticed a merfolk
  1689 | D:3      | Noticed a shock serpent
  1689 | D:3      | Noticed a black mamba
  1689 | D:3      | Noticed a harpy
  1689 | D:3      | Noticed a naga warrior
  1689 | D:3      | Noticed a cyclops
  1690 | D:3      | Noticed an alligator snapping turtle
  1690 | D:3      | Noticed a naga ritualist
  1691 | D:3      | Noticed a naga warrior
  1692 | D:3      | Noticed a naga mage
  1695 | D:3      | Noticed a naga mage
  1768 | D:3      | You fall into a shaft and drop 2 floors!
  1768 | D:5      | Entered Level 5 of the Dungeon
  1771 | D:5      | 1771 ||| PLANNING SEWER
  1793 | D:5      | Found a sand-covered staircase.
  1834 | D:5      | Noticed Eustachio
  1846 | D:5      | HP: 4/20 [river rat[Eustachio] (2)]
  1847 | D:5      | 1847 ||| DRINKING potion of heal wounds.
  1853 | D:5      | Killed Eustachio
  1854 | D:5      | Reached skill level 9 in Ranged Weapons
  1854 | D:5      | Reached XP level 4. HP: 8/25 MP: 6/6
  1854 | D:5      | Reached XP level 5. HP: 9/29 MP: 7/7
  1987 | D:5      | 1987 ||| Stepping ~*~*~tactically~*~*~ (outnumbered).
  1992 | D:5      | Reached XP level 6. HP: 29/35 MP: 8/8
  2097 | D:5      | Noticed an ice beast
  2100 | D:5      | Killed an ice beast
  2101 | D:5      | Reached skill level 10 in Ranged Weapons
  2157 | D:5      | Found a white marble altar of Elyvilon.
  2343 | D:5      | Reached XP level 7. HP: 40/40 MP: 9/9
  2378 | D:5      | Reached skill level 1 in Armour
  2606 | D:5      | Noticed Menkaure
  2608 | D:5      | Killed Menkaure
  2609 | D:5      | Reached skill level 11 in Ranged Weapons
  2718 | D:5      | 2718 ||| RIP SEWER
  2718 | D:5      | 2718 ||| RIP OSSUARY
  2718 | D:5      | 2718 ||| PLANNING D:1-11
  2718 | D:5      | 2718 ||| UPGRADING to +0 helmet.
  2723 | D:5      | 2723 ||| UPGRADING to +0 pair of boots.
  2728 | D:5      | 2728 ||| DROPPING amulet of guardian spirit.
  2729 | D:5      | 2729 ||| UPGRADING to amulet of faith.
  2739 | D:5      | 2739 ||| DROPPING ring of magical power.
  2740 | D:5      | 2740 ||| DROPPING ring of wizardry.
  2741 | D:5      | 2741 ||| READING scroll labelled URAKHITOHO.
  2742 | D:5      | 2742 ||| READING scroll labelled MUYMOA RATHOPN.
  2743 | D:5      | 2743 ||| READING 2 scrolls labelled BAPHIY ZIUNUT.
  2744 | D:5      | 2744 ||| DRINKING 2 black potions.
  2745 | D:5      | 2745 ||| DRINKING 3 golden potions.
  2746 | D:5      | 2746 ||| DRINKING 2 red potions.
  2747 | D:5      | 2747 ||| READING 2 scrolls of identify.
  2747 | D:5      | 2747 ||| IDENTIFYING clear potion
  2748 | D:5      | 2748 ||| DROPPING potion of magic.
  2749 | D:5      | 2749 ||| DROPPING 2 potions of attraction.
  2750 | D:5      | 2750 ||| DROPPING scroll of amnesia.
  3141 | D:4      | 3141 ||| Stepping ~*~*~tactically~*~*~ (outnumbered).
  3143 | D:4      | 3143 ||| Stepping ~*~*~tactically~*~*~ (outnumbered).
  3151 | D:4      | Reached skill level 12 in Ranged Weapons
  3272 | D:4      | 3272 ||| READING 3 scrolls of identify.
  3272 | D:4      | 3272 ||| IDENTIFYING puce potion
  3273 | D:4      | 3273 ||| READING 2 scrolls of identify.
  3273 | D:4      | 3273 ||| IDENTIFYING purple potion
  3274 | D:4      | 3274 ||| DROPPING potion of invisibility.
  3275 | D:4      | 3275 ||| DROPPING potion of ambrosia.
  3914 | D:4      | Reached XP level 8. HP: 39/45 MP: 10/10
  3918 | D:4      | 3918 ||| FLEEEEING.
  4149 | D:4      | 4149 ||| READING 2 scrolls of identify.
  4149 | D:4      | 4149 ||| IDENTIFYING emerald potion
  4356 | D:6      | Reached skill level 3 in Fighting
  4417 | D:6      | 4417 ||| DRINKING 3 potions of curing.
  4417 | D:6      | 4417 ||| (to cure confusion)
  4429 | D:6      | Reached skill level 13 in Ranged Weapons
  4471 | D:6      | 4471 ||| FLEEEEING.
  4472 | D:6      | 4472 ||| FLEEEEING.
  4474 | D:6      | 4474 ||| FLEEEEING.
  4475 | D:6      | 4475 ||| FLEEEEING.
  4476 | D:6      | 4476 ||| FLEEEEING.
  4477 | D:6      | 4477 ||| FLEEEEING.
  4478 | D:6      | 4478 ||| FLEEEEING.
  4479 | D:6      | 4479 ||| FLEEEEING.
  4561 | D:6      | Reached skill level 14 in Ranged Weapons
  4611 | D:6      | Found a runed translucent gate.
  4613 | D:6      | Found a runed translucent gate.
  4613 | D:6      | Noticed qw's ghost (novice GrHu)
  4666 | D:6      | Found a glowing golden altar of the Shining One.
  4733 | D:6      | Found a runed translucent gate.
  4810 | D:6      | Reached XP level 9. HP: 49/50 MP: 11/11
  4937 | D:6      | 4937 ||| DROPPING amulet of the acrobat.
  4938 | D:6      | 4938 ||| DRINKING 2 sedimented emerald potions.
  4939 | D:6      | 4939 ||| DROPPING potion of degeneration.
  4971 | D:7      | Found a staircase to the Ecumenical Temple.
  4972 | D:7      | 4972 ||| PLANNING TEMPLE
  4998 | Temple   | Entered the Ecumenical Temple
  5005 | Temple   | 5005 ||| PLANNING OKAWARU WORSHIP
  5035 | Temple   | Became a worshipper of Warmaster Okawaru
  5036 | Temple   | 5036 ||| PLANNING D:1-11
  5103 | D:7      | 5103 ||| FLEEEEING.
  5104 | D:7      | 5104 ||| FLEEEEING.
  5105 | D:7      | 5105 ||| FLEEEEING.
  5106 | D:7      | 5106 ||| FLEEEEING.
  5107 | D:7      | 5107 ||| FLEEEEING.
  5112 | D:7      | 5112 ||| FLEEEEING.
  5113 | D:7      | 5113 ||| FLEEEEING.
  5114 | D:7      | 5114 ||| FLEEEEING.
  5115 | D:7      | 5115 ||| FLEEEEING.
  5118 | D:7      | 5118 ||| FLEEEEING.
  5119 | D:7      | 5119 ||| FLEEEEING.
  5120 | D:7      | 5120 ||| STAIRDANCE
  5141 | D:6      | 5141 ||| READING scroll labelled NUNOTECHYS.
  5142 | D:6      | 5142 ||| READING scroll labelled VOIDOXOSOQ.
  5143 | D:6      | 5143 ||| READING 5 scrolls of identify.
  5143 | D:6      | 5143 ||| IDENTIFYING viscous grey potion
  5144 | D:6      | 5144 ||| DROPPING potion of berserk rage.
  5147 | D:7      | 5147 ||| STAIRDANCE
  5383 | D:7      | 5383 ||| READING scroll of enchant weapon.
  5383 | D:7      | 5383 ||| ENCHANTING +4 longbow of electrocution.
  5455 | D:7      | Found a blossoming altar of Fedhas.
  5479 | D:7      | Reached skill level 15 in Ranged Weapons
  5480 | D:7      | Found Qurusy's Magic Scroll Shop.
  5481 | D:7      | Identified the +5 war axe of the Peculiar Souls {spect,
                  | Fragile rElec rN++ SInv}
  5507 | D:7      | 5507 ||| FLEEEEING.
  5514 | D:7      | 5514 ||| STAIRDANCE
  5604 | D:6      | 5604 ||| READING scroll labelled JIAVAE LEEPLE.
  5679 | D:7      | 5679 ||| BUYING scroll of brand weapon (104 gold).
  5679 | D:7      | Bought a scroll of brand weapon for 104 gold pieces
  5679 | D:7      | 5679 ||| BUYING scroll of identify (22 gold).
  5679 | D:7      | Bought a scroll of identify for 22 gold pieces
  5679 | D:7      | 5679 ||| BUYING scroll of identify (22 gold).
  5679 | D:7      | Bought a scroll of identify for 22 gold pieces
  5679 | D:7      | 5679 ||| BUYING scroll of identify (22 gold).
  5679 | D:7      | Bought a scroll of identify for 22 gold pieces
  5679 | D:7      | 5679 ||| BUYING scroll of teleportation (33 gold).
  5679 | D:7      | Bought a scroll of teleportation for 33 gold pieces
  5679 | D:7      | 5679 ||| BUYING scroll of teleportation (33 gold).
  5679 | D:7      | Bought a scroll of teleportation for 33 gold pieces
  5679 | D:7      | 5679 ||| READING scroll of brand weapon.
  5679 | D:7      | 5679 ||| BRANDING +5 longbow of electrocution.
  5815 | D:7      | Reached * piety under Okawaru
  5820 | D:7      | 5820 ||| INVOKING Heroism.
  5823 | D:7      | Reached skill level 1 in Invocations
  6150 | D:8      | Reached skill level 3 in Invocations
  6150 | D:8      | Reached ** piety under Okawaru
  6152 | D:8      | 6152 ||| INVOKING Heroism.
  6307 | D:8      | Noticed a troll
  6308 | D:8      | 6308 ||| INVOKING Heroism.
  6310 | D:8      | Killed a troll
  6311 | D:8      | Reached skill level 16 in Ranged Weapons
  6323 | D:8      | Found Leqaucur's Hydra Hut.
  6325 | D:8      | Noticed a seven-headed hydra
  6438 | D:8      | 6438 ||| INVOKING Heroism.
  6459 | D:8      | Found a sacrificial altar of Ru.
  6459 | D:8      | Found an opulent altar of Gozag.
  6515 | D:8      | 6515 ||| INVOKING Heroism.
  6693 | D:9      | Reached skill level 6 in Dodging
  6693 | D:9      | Reached XP level 10. HP: 49/56 MP: 15/15
  6693 | D:9      | 6693 ||| STAIRDANCE
  6721 | D:9      | 6721 ||| STAIRDANCE
  6723 | D:8      | 6723 ||| INVOKING Heroism.
  6723 | D:8      | HP: 14/56 [yak (11)]
  6724 | D:8      | 6724 ||| READING 4 scrolls of teleportation.
  6725 | D:8      | 6725 ||| DRINKING potion of heal wounds.
  7000 | D:9      | 7000 ||| INVOKING Heroism.
  7090 | D:9      | Noticed a two-headed ogre
  7091 | D:9      | 7091 ||| INVOKING Heroism.
  7095 | D:9      | Killed a two-headed ogre
  7095 | D:9      | Reached *** piety under Okawaru
  7096 | D:9      | Reached skill level 17 in Ranged Weapons
  7200 | D:9      | Identified the +11 trident "Newtslayer" {freeze, Int+2}
  7229 | D:9      | 7229 ||| INVOKING Heroism.
  7350 | D:9      | Found a transporter.
  7354 | D:9      | Found an ancient bone altar of Kikubaaqudgha.
  7355 | D:9      | Found a transporter.
  7358 | D:9      | 7358 ||| UPGRADING to ring of poison resistance.
  7359 | D:9      | 7359 ||| READING scroll labelled QONASETHRATS.
  7361 | D:9      | Noticed a death knight
  7374 | D:9      | Found a basalt altar of Yredelemnul.
  7430 | D:9      | Reached skill level 18 in Ranged Weapons
  7449 | D:9      | 7449 ||| Stepping ~*~*~tactically~*~*~ (outnumbered).
  7731 | D:9      | 7731 ||| UPGRADING to +6 ring of dexterity.
  7749 | D:10     | Entered Level 10 of the Dungeon
  7749 | D:10     | Found a staircase to the Lair.
  7751 | D:10     | 7751 ||| STAIRDANCE
  7855 | D:10     | 7855 ||| STAIRDANCE
  7858 | D:9      | 7858 ||| INVOKING Heroism.
  7861 | D:9      | HP: 14/56 [black bear (5)]
  7862 | D:9      | 7862 ||| READING 6 scrolls of teleportation.
  7862 | D:9      | HP: 4/56 [wyvern (9)]
  7863 | D:9      | Slain by a wyvern

Levels and vault maps discovered:
D:1:      doesnt_arrival_eight_statues, layout_rooms, serial_shops, shop,
          nicolae_the_louvre
D:2:      layout_loops_ring, ebering_ecumenical_altar_rust
D:3:      layout_basic, grunt_ashenzari_visionary
          [grunt_ashenzari_visionary_shoals, grunt_ashenzari_visionary_snake],
          old_standard_altar, serial_shops, nicolae_shop_tiny_real_fake_doors,
          grunt_decor_clamped, corexii_corridor_pit
D:4:      layout_loops_corners
D:5:      layout_gridville, elyvilon_altar_1, enter_ossuary_1,
          gup_sewer_entry_bubbles, uniq_menkaure, uniq_eustachio
D:6:      layout_rooms, tso_oasis_becter, gammafunk_ghost_nasty_kobolds,
          minmay_hedge_maze, small_statue_alley_b,
          minmay_fractal_squares_gapless_5
D:7:      layout_loops_ring, mainiacjoe_overflow_alcove_2,
          minmay_temple_entry_overgrown, serial_shops,
          nicolae_shop_tiny_statue_garden
D:8:      layout_basic, nicolae_overflow_two_pavilions, doesnt_shop_hydraphobe
D:9:      layout_loops_ring, gammafunk_temple_of_torment
D:10:     layout_stronghold, minmay_lair_entry_grove
Temple:   nicolae_temple_ecumenical_triangle

Skill      XL: |  1  2  3  4  5  6  7  8  9 10 |
---------------+-------------------------------+-----
Ranged Weapons | 6 9 10 12 14 16 18 | 18.0
Fighting       | 2 3 4 |  4.0
Dodging        | 4 5 6 |  6.6
Armour         | 1 2 |  2.1
Invocations    | 4 |  4.0
Stealth        | |  1.2

Action                     |  1- 3 |  4- 6 |  7- 9 | 10-12 || total
---------------------------+-------+-------+-------+-------++-------
   Fire: Shortbow          |    86 |       |       |       ||    86
         Longbow           |    33 |    51 |   273 |    70 ||   427
 Invoke: Heroism           |       |       |     5 |     5 ||    10
    Use: Scroll            |    10 |       |    13 |     3 ||    26
         Potion            |     2 |       |     5 |     1 ||     8
 Armour: Leather armour    |     5 |       |       |       ||     5
         Ring mail         |    11 |     8 |    37 |    26 ||    82
  Dodge: Dodged            |    37 |    10 |    46 |    79 ||   172

Table legend:
 A = Non-vault XP
 B = Vault XP
 C = Vault XP percentage of total XP
 D = Non-vault monster count
 E = Vault monster count
 F = Vault count percentage of total count
                 A         B        C        D         E       F
            +---------+---------+-------+---------+---------+-------
      Total |    8078 |     809 |   9.1 |     212 |      15 |   6.6
            +---------+---------+-------+---------+---------+-------
        D:1 |      50 |       0 |   0.0 |      29 |       0 |   0.0
        D:2 |      40 |       0 |   0.0 |      15 |       0 |   0.0
        D:3 |      20 |       0 |   0.0 |       5 |       0 |   0.0
        D:4 |     392 |       0 |   0.0 |      30 |       0 |   0.0
        D:5 |     568 |     412 |  42.0 |      28 |       9 |  24.3
        D:6 |    1301 |     271 |  17.2 |      28 |       5 |  15.2
        D:7 |     873 |       0 |   0.0 |      28 |       0 |   0.0
        D:8 |    1770 |       0 |   0.0 |      17 |       0 |   0.0
        D:9 |    3064 |     126 |   3.9 |      32 |       1 |   3.0
            +---------+---------+-------+---------+---------+-------
